AoeStats
← Falconz

Oasis

510021459Analyzed
2v2 RM · 4d ago on Sep 29, 2026· 28m 13s· 4 players
Game mode
Random Map
Map size
Medium (4 player)
Population
200
Speed
Normal
Resources
Standard
Victory
Conquest
Starting age
Dark Age
Ending age
Imperial Age
RankedLock teamsTeams togetherTeam positionsShared explorationLock speedFull tech treeHidden civsTurbo modeCheats
Victory
Defeat
🇦🇷 Spanish · Argentina
1217
+14
1149
+17
🇨🇴 Ethiopians · Colombia
1182
-16
🇨🇴 Franks · Colombia
1161
-15
Hex
5:17 Loom
11:01 Feudal Age
11:28 Double-Bit Axe
12:29 Horse Collar
15:36 Fletching
16:42 Padded Archer Armor
22:26 Castle Age
22:59 Crossbowman
23:40 Bodkin Arrow
24:46 Bow Saw
Falconz
6:37 Loom
11:27 Feudal Age
13:17 Double-Bit Axe
15:43 Forging
17:19 Scale Barding Armor
20:26 Gold Mining
24:09 Castle Age
25:33 Chain Barding Armor
26:51 Pikeman
Sir Ulrich von Lichtenstein
6:30 Loom
13:16 Feudal Age
15:19 Fletching
19:12 Castle Age
20:07 Crossbowman
22:16 Bodkin Arrow
monJ3__
10:59 Feudal Age
9:14 Loom
16:27 Castle Age
16:00 Double-Bit Axe
16:07 Gold Mining
24:15 Padded Archer Armor
24:05 Fletching
27:46 Bodkin Arrow
28:07 Leather Archer Armor
Connection lost

Rejoining the realm…

Still unreachable

The connection could not be restored.

Session expired

The server has moved on; the page needs a fresh start.